 Dungeon Crawl Stone Soup version 0.29-a0-397-g846e4a0bbc (webtiles) character file.

Game seed: 12408498188360279245

527 Majang the Sneak (level 7, -2/44 HPs)
             Began as a Kobold Delver on May 11, 2022.
             Was a Follower of Okawaru.
             Slain by a black bear (6 damage)
             ... on level 4 of the Dungeon.
             The game lasted 00:24:09 (4902 turns).

Majang the Sneak (Kobold Delver)                    Turns: 4902, Time: 00:24:10

Health: -2/44      AC:  4    Str:  9    XL:     7   Next: 47%
Magic:  8/8        EV: 15    Int: 12    God:    Okawaru [*.....]
Gold:   171        SH:  0    Dex: 18    Spells: 6/6 levels left

rFire   . . .      SeeInvis .   a - +0 rapier
rCold   + . .      Faith    .   (no shield)
rNeg    . . .      Spirit   .   w - +0 leather armour
rPois   .          Reflect  .   (no helmet)
rElec   .          Harm     .   x - +0 cloak
rCorr   .          Rampage  .   (no gloves)
Will    .....                   (no boots)
Stlth   +++++.....              (no amulet)
HPRegen 0.14/turn               m - ring of protection from cold
MPRegen 0.11/turn               (no ring)

@: no status effects
A: small, no large weapons, nightstalker 3
a: Renounce Religion, Heroism


You were on level 4 of the Dungeon.
You worshipped Okawaru.
Okawaru was aware of your devotion.
You visited 2 branches of the dungeon, and saw 6 of its levels.

You collected 171 gold pieces.

Inventory:

Hand Weapons
 a - a +0 rapier (weapon)
 b - a +0 dagger
Armour
 w - a +0 leather armour (worn)
 x - a +0 cloak (worn)
Jewellery
 m - a ring of protection from cold (left hand)
 o - a ring of ice
 u - a ring of fire
Wands
 g - a wand of digging (3)
Scrolls
 c - a scroll of fog
 d - 3 scrolls of magic mapping
 e - a scroll of fear
 l - a scroll of torment {unknown}
 q - 4 scrolls of identify {unknown}
 s - 2 scrolls of acquirement {unknown}
 t - 2 scrolls of teleportation {unknown}
 v - a scroll of immolation {unknown}
 y - 2 scrolls of enchant armour {unknown}
 A - a scroll of poison {unknown}
 C - a scroll of noise {unknown}
Potions
 f - 2 potions of berserk rage {unknown}
 h - 2 potions of curing {unknown}
 i - a potion of mutation {unknown}
 j - a potion of heal wounds {unknown}
 k - a potion of cancellation {unknown}
 n - 4 potions of brilliance {unknown}
 p - a potion of lignification {unknown}
 r - a potion of attraction {unknown}
 z - a potion of ambrosia {unknown}
 B - a potion of might {unknown}


   Skills:
 + Level 5.0 Fighting
 * Level 6.8 Short Blades
 + Level 3.5 Dodging
 + Level 7.3 Stealth
 + Level 2.1 Invocations
 + Level 2.2 Evocations


You had 6 spell levels left.
You didn't know any spells.
Your spell library contained the following spells:

 Spells                   Type           Power      Damage    Failure   Level
 Orb of Destruction       Conj           0%         9d5       100%        7
 Summon Guardian Golem    Hex/Summ       Unusable   N/A       N/A         3
 Spellforged Servitor     Conj/Summ      Unusable   N/A       N/A         7

Dungeon Overview and Level Annotations

Branches:
Dungeon (5/15)             Temple (1/1) D:4

Altars:
Cheibriados
Dithmenos
Fedhas
Gozag
Hepliaklqana
Makhleb
Nemelex Xobeh
Okawaru
Qazlal
Ru
Xom
Yredelemnul
The Shining One
Lugonu

Shops:
D:1 *   D:5 (

Annotations:
D:2 Robin, Sigmund


Innate Abilities, Weirdness & Mutations

You are small and have problems with some larger weapons.
You are completely attuned to the shadows.


Message History

The black bear is lightly wounded.
The black bear bites you.
The black bear claws you but does no damage.
The black bear barely misses you.
You hit the black bear.
The black bear is moderately wounded.
The black bear closely misses you. The black bear barely misses you. x2
You closely miss the black bear.
The black bear is moderately wounded.
The black bear barely misses you. The black bear closely misses you.
The black bear claws you.
You closely miss the black bear.
The black bear is moderately wounded.
You puncture the black bear!
The black bear is severely wounded.
The black bear barely misses you. The black bear claws you.
The black bear claws you but does no damage.
You hit the black bear.
The black bear is severely wounded.
The black bear goes berserk!
You hit the black bear.
The black bear is almost dead.
The black bear bites you! The black bear barely misses you.
The black bear claws you. The black bear bites you! The black bear misses you.
The black bear claws you.
You barely miss the black bear.
The black bear is almost dead.
The black bear closely misses you. The black bear completely misses you.
The black bear claws you.
* * * LOW HITPOINT WARNING * * *
You hit the black bear.
The black bear is almost dead.
The black bear barely misses you. The black bear claws you.
* * * LOW HITPOINT WARNING * * *
The black bear claws you.
* * * LOW HITPOINT WARNING * * *
You hit the black bear but do no damage.
The black bear is almost dead.
The black bear bites you.
You die...

.#.###...## ##.#####.### ##.
##.## #.#......# # ##. #.#
##.#####.### # # # #<.# ##...
##.# #..# #### ...# #).# ####
#### #..# #... # ######## #..#
#.## # #..h@..# #..#####.# #
.....#.# #........# # ##.
.....#.####.######.# ##
##....#...................##
.#####.##...........###.###.#....
.................#).# #.###....##
.#####.#............. ...........
## ##...# ###.# ####....## #
###.# #.#.##


You could see a black bear (berserk).

Vanquished Creatures
  Edmund (D:4)
  A lemure (D:4)
  Blork the orc (D:4)
  A scorpion (D:4)
  Crazy Yiuf (D:3)
  2 hounds (D:4)
  2 iguanas
  5 adders
  An ufetubus (D:3)
  3 worms
  2 dart slugs (D:1)
  6 orcs
  A bat (D:1)
  8 endoplasms
  2 giant cockroaches (D:1)
  8 hobgoblins
  10 jackals
  6 quokkas
  4 ball pythons
  4 frilled lizards
  8 goblins
  6 kobolds
  9 rats
92 creatures vanquished.

Vanquished Creatures (others)
  A fungus (D:3)
1 creature vanquished.

Grand Total: 93 creatures vanquished

Notes
Turn   | Place    | Note
-------+----------+-------------------------------------------
     0 | D:5      | Majang the Kobold Delver began the quest for the Orb.
     0 | D:5      | Reached XP level 1. HP: 14/14 MP: 1/1
    16 | D:5      | Noticed a yak
    22 | D:5      | Noticed a necrophage
    50 | D:5      | Found Zomoagg's Antique Weapon Shop.
   188 | D:5      | Noticed an iguana
   200 | D:5      | Killed an iguana
   201 | D:5      | Reached XP level 2. HP: 20/20 MP: 2/2
   201 | D:5      | Reached XP level 3. HP: 24/24 MP: 3/3
   228 | D:5      | Noticed a water moccasin
   723 | D:1      | Reached XP level 4. HP: 29/29 MP: 4/4
  1220 | D:1      | Found Kautibb's Assorted Antiques.
  1340 | D:1      | Reached skill level 5 in Short Blades
  1890 | D:2      | Noticed Robin
  2027 | D:2      | Reached XP level 5. HP: 33/33 MP: 5/5
  2046 | D:2      | Noticed Sigmund
  2104 | D:3      | Found a blossoming altar of Fedhas.
  2109 | D:3      | Found an iron altar of Okawaru.
  2119 | D:3      | Found a stormy altar of Qazlal.
  2129 | D:3      | Became a worshipper of Warmaster Okawaru
  2231 | D:3      | Found a basalt altar of Yredelemnul.
  2339 | D:3      | Found a sacrificial altar of Ru.
  2442 | D:3      | Found a faded altar of an unknown god.
  4043 | D:3      | Found a runed translucent door.
  4046 | D:3      | Noticed Crazy Yiuf
  4057 | D:3      | Killed Crazy Yiuf
  4183 | D:4      | Noticed Edmund
  4191 | D:4      | Killed Edmund
  4192 | D:4      | Reached skill level 7 in Stealth
  4192 | D:4      | Reached skill level 1 in Invocations
  4192 | D:4      | Reached skill level 1 in Evocations
  4192 | D:4      | Reached XP level 6. HP: 39/39 MP: 5/7
  4403 | D:4      | Reached XP level 7. HP: 44/44 MP: 8/8
  4536 | D:4      | Noticed Blork the orc
  4542 | D:4      | Killed Blork the orc
  4544 | D:4      | Found a staircase to the Ecumenical Temple.
  4550 | Temple   | Entered the Ecumenical Temple
  4889 | D:4      | Reached * piety under Okawaru
  4890 | D:4      | Reached skill level 5 in Fighting
  4902 | D:4      | Slain by a black bear

Illustrated notes

Levels and vault maps discovered:
D:1:      dpeg_arrival_renting, layout_basic, serial_shops,
          nicolae_shop_waterfront, minmay_misc_feat_more_columns
D:2:      layout_loops_ring, uniq_sigmund, uniq_robin
D:3:      layout_loops_cross, minmay_overflow_temple_star_quad,
          mainiacjoe_overflow_large_starburst,
          dreamdust_ecumenical_altar_angels_and_demons, uniq_crazy_yiuf_cottage
D:4:      layout_loops_ring, minmay_temple_entry_fiery, uniq_edmund, uniq_pikel,
          uniq_blork_the_orc
D:5:      layout_cave_pools, serial_shops, shop_statue, shop, shop
Temple:   corrupted_temple

Skill      XL: |  1  2  3  4  5  6  7 |
---------------+----------------------+-----
Short Blades   | 4 5 6 |  6.8
Fighting       | 4 5 |  5.0
Dodging        | 3 |  3.5
Stealth        | 7 |  7.3
Invocations    | 1 2 |  2.1
Evocations     | 1 2 |  2.2

Action                   |  1- 3 |  4- 6 |  7- 9 || total
-------------------------+-------+-------+-------++-------
Melee: Short sword       |    45 |   135 |       ||   180
       Punch             |     1 |     2 |       ||     3
       Rapier            |       |    33 |    33 ||    66
       Dagger            |       |     2 |     3 ||     5
  Use: Scroll            |       |     1 |       ||     1
       Potion            |       |     1 |       ||     1
 Stab: Sleeping          |    10 |    27 |     5 ||    42
       Distracted        |       |     1 |       ||     1
Armor: Leather armour    |     4 |    12 |     4 ||    20
Dodge: Dodged            |    15 |    82 |    23 ||   120

Table legend: (Time is in decaauts)
 A = Elapsed time spent in this place.
 B = Non-inter-level travel time spent in this place.
 C = Inter-level travel time spent in this place.
 D = Time resting spent in this place.
 E = Time spent auto-exploring this place.
 F = Levels seen in this place.
 G = Mean time per level.
                   A        B        C        D        E       F      G
               +--------+--------+--------+--------+--------+-----+--------+
         Total |   4847 |   4529 |    318 |   1482 |    307 |   6 |  807.8 |
       Dungeon |   4798 |   4480 |    318 |   1482 |    307 |   5 |  959.6 |
        Temple |     49 |     49 |      0 |      0 |      0 |   1 |   49.0 |
               +--------+--------+--------+--------+--------+-----+--------+

Top non-repeatable levels by time:
     D:1: 1780 daAuts
     D:2: 1078 daAuts
     D:3: 955 daAuts
     D:4: 754 daAuts
     D:5: 230 daAuts
  Temple: 49 daAuts
